 Dungeon Crawl Stone Soup version 0.29.1-13-g9f3cf754e1 (webtiles) character file.

Game seed: 13667936884959085941

53 Thatpatchoflichen the Trooper (level 3, -4/33 HPs)
             Began as a Hill Orc Fighter on Jan 20, 2023.
             Killed by divine providence
             ... invoked by an orc priest
              (17 damage)
             ... on level 2 of the Dungeon.
             The game lasted 00:05:09 (1652 turns).

Thatpatchoflichen the Trooper (Hill Orc Fighter)    Turns: 1652, Time: 00:05:10

Health: -4/33      AC: 10    Str: 20    XL:     3   Next: 89%
Magic:  3/3        EV:  7    Int:  8    God:
Gold:   100        SH:  4    Dex: 10    Spells: 2/2 levels left

rFire   . . .      SeeInvis .   a - +0 war axe
rCold   . . .      Faith    +   c - +0 buckler
rNeg    . . .      Spirit   .   k - +0 chain mail
rPois   .          Reflect  .   (no helmet)
rElec   .          Harm     .   (no cloak)
rCorr   .          Rampage  .   f - +0 pair of gloves
Will    .....                   (no boots)
Stlth   ..........              l - amulet of faith
HPRegen 0.11/turn               (no ring)
MPRegen 0.08/turn               (no ring)

@: no status effects
A: no striking features
a: Convert to Beogh


You were on level 2 of the Dungeon.
You visited 1 branch of the dungeon, and saw 3 of its levels.

You collected 100 gold pieces.

Inventory:

Hand Weapons
 a - a +0 war axe (weapon)
 e - a +0 dagger
Missiles
 j - 11 poisoned darts (quivered)
Armour
 c - a +0 buckler (worn)
 f - a +0 pair of gloves (worn)
 k - a +0 chain mail (worn)
Jewellery
 l - an amulet of faith (around neck)
 s - a ring of flight
Scrolls
 b - a scroll of amnesia {unknown}
 h - 3 scrolls of teleportation {unknown}
 i - 2 scrolls of identify {unknown}
 o - a scroll of brand weapon {unknown}
 p - a scroll of enchant weapon {unknown}
 r - a scroll of poison {unknown}
 t - 2 scrolls of butterflies {unknown}
Potions
 d - a potion of might
 g - a potion of mutation {unknown}
 m - a potion of brilliance {unknown}
 n - 3 potions of curing {unknown}
 q - a potion of haste {unknown}


   Skills:
 + Level 4.2 Fighting
 + Level 3.5 Axes
 + Level 3.8 Armour
 + Level 3.8 Shields


You had 2 spell levels left.
You didn't know any spells.
Your spell library contained the following spells:

 Spells                   Type           Power      Damage    Failure   Level
 Ensorcelled Hibernation  Hex/Ice        0%         N/A       100%        2
 Spider Form              Tmut/Pois      0%         N/A       100%        3
 Anguish                  Hex/Necr       0%         N/A       100%        4


Dungeon Overview and Level Annotations

Branches:
Dungeon (3/15)

Altars:


Message History

The orc wizard gestures wildly while chanting.
The orc wizard flickers and vanishes!
Deactivating autopickup; reactivate with Ctrl-A.
The orc priest invokes the aid of Beogh against you.
Pain shoots through your body!
You climb upwards.
Reactivating autopickup.
There is a stone staircase leading down, spattered with blood here.
The orc priest shouts, "Join the one true god or die!" (press Y on the ability menu to convert to Beogh)
The orc priest hits you but does no damage.
You hit the orc priest but do no damage.
The orc priest looks braver for a moment.
You closely miss the orc priest. The orc priest hits you with a +0 club.
The orc priest mumbles some strange prayers to Beogh against you.
Beogh smites you!
You closely miss the orc priest. You block the orc priest's attack.
You hit the orc priest but do no damage.
The orc priest hits you but does no damage.
The orc priest mumbles some strange prayers to Beogh against you.
You barely resist.
Unknown command.
You slash the orc priest!
The orc priest is heavily wounded.
You block the orc priest's attack.
You barely miss the orc priest.
The orc priest is heavily wounded.
The orc priest hits you but does no damage.
Unknown command.
You completely miss the orc priest.
The orc priest is heavily wounded.
You block the orc priest's attack.
The orc priest shouts, "Join the one true god or die!"
The orc priest closely misses you.
You closely miss the orc priest.
The orc priest is heavily wounded.
The orc priest calls down the wrath of Beogh upon you.
Beogh smites you!
Ouch! That really hurt!
You die...

.#.##.#.#..#.##.# #.#....# ##
)..##........##.# #.#....#
...####.#..####.####......####
....###.#..##................#
........#..)...............#.#
..........###.#..##........#.####
.....###### #.#.....#............
....## #.#.o##........#.###.
...## #...@>....#.#..#.# #. #.##
##..))...........# #. ###
#..........##.### #.
#...###.##.##.# #. ##.##
#.##.##.# ##. ####.####.......#
##.. #......###.....## #...
#.##.#.# #.....# ##... #.##.#.#
#.....# #...#


You could see an orc priest.

Vanquished Creatures
  An adder (D:2)
  2 orcs (D:2)
  3 ball pythons
  5 bats
  3 endoplasms
  2 goblins
  7 hobgoblins
  3 jackals (D:1)
  3 quokkas (D:1)
  A frilled lizard (D:1)
  A kobold (D:2)
  6 rats
37 creatures vanquished.

Notes
Turn   | Place    | Note
-------+----------+-------------------------------------------
     0 | D:1      | Thatpatchoflichen the Hill Orc Fighter began the quest for
                  | the Orb.
     0 | D:1      | Reached XP level 1. HP: 19/19 MP: 1/1
    59 | D:1      | Reached XP level 2. HP: 13/27 MP: 2/2
   490 | D:1      | Reached skill level 4 in Fighting
   556 | D:1      | Reached XP level 3. HP: 32/33 MP: 3/3
  1652 | D:2      | Killed from afar by an orc priest

Illustrated notes

Levels and vault maps discovered:
D:1:      dpeg_arrival_yet_another_circle, layout_rooms,
          kennysheep_small_spiral, nicolae_eternal_life
D:2:      layout_loops_cross
D:3:      layout_rooms, nicolae_overflow_hidden_temple,
          gammafunk_temple_overflow_wave

Skill      XL: |  1  2 |
---------------+-------+-----
Axes           | 3 |  3.5
Fighting       | 4 |  4.2
Armour         | |  3.8
Shields        | |  3.8

Action                   || total
-------------------------++-------
Melee: War axe           ||    96
Armor: Scale mail        ||    12
       Chain mail        ||    64
Dodge: Dodged            ||    49
Block: Buckler           ||    28
